[Event "VII Lorca Open 2018"]
[Site "Lorca"]
[Date "2018.12.28"]
[Round "4"]
[White "Natarajan C"]
[Black "Valmana Canto, Jaime"]
[Result "0-1"]
[ECO "C41"]
[WhiteElo "2177"]
[BlackElo "2359"]
[Annotator "NA"]
[PlyCount "98"]
[EventDate "2018.12.26"]
[EventType "swiss"]
[EventCountry "ESP"]
[SourceTitle "playchess.com"]
[Source "ChessBase"]
[SourceQuality "1"]
[TimeControl "5400+30"]

1. d4 Nf6 2. Nf3 d6 3. Nc3 Nbd7 4. e4 e5 5. Bc4 Be7 6. Ng5 O-O 7. f4 exf4 8. Bxf7+ Rxf7 9. Ne6 Qe8 10. Nxc7 Qd8 11. Nxa8 Nf8 12. O-O Bg4 13. Qd3 Qxa8 14. Bxf4 Qd8 15. Be3 Be6 16. d5 Bc8 17. Nb5 a6 18. Na3 N8d7 19. Nc4 b5 20. Nd2 Ne5 21. Qd4 Nfg4 22. Rxf7 Nxf7 23. c3 Nfe5 24. Bf4 Bf6 25. Qa7 Nd3 26. Bg3 Bg5 27. Nf1 Nxb2 28. Rb1 Nc4 29. h3 Nf6 30. Re1 Nh5 31. Bf2 Nf4 32. Bd4 Bf6 33. Qb8 Bxd4+ 34. cxd4 Nxg2 35. Rb1 Nf4 36. Kh2 Nxh3 37. Ng3 g6 38. Rf1 Nd2 39. Rf6 Qxf6 40. Qxc8+ Kg7 41. Qd7+ Qf7 42. Qxh3 Nf3+ 43. Kg2 Nxd4 44. Qg4 Qc7 45. Qg5 Kf7 46. Qf4+ Kg7 47. Qg5 Qc2+ 48. Kf1 Qb1+ 49. Kf2 Qxa2+ {[%emt 0:00:05] Qf4 [%clk 0:00:00]} 0-1

[Event "VII Lorca Open 2018"]
[Site "Lorca"]
[Date "2018.12.28"]
[Round "4"]
[White "Krug Cortegoso, Rodolfo Martin"]
[Black "Melero Fidalgo, Juan De Dios"]
[Result "0-1"]
[ECO "A14"]
[WhiteElo "2147"]
[BlackElo "2348"]
[Annotator "NA"]
[PlyCount "84"]
[EventDate "2018.12.26"]
[EventType "swiss"]
[EventCountry "ESP"]
[SourceTitle "playchess.com"]
[Source "ChessBase"]
[SourceQuality "1"]
[TimeControl "5400+30"]

1. Nf3 Nf6 2. c4 e6 3. g3 d5 4. Bg2 Be7 5. O-O O-O 6. b3 a5 7. a3 Nbd7 8. Bb2 c6 9. Qc2 Re8 10. d3 dxc4 11. bxc4 Qc7 12. d4 Nf8 13. e4 Ng6 14. e5 Nd7 15. h4 h6 16. Nbd2 Ngf8 17. Ne4 b6 18. Rfd1 Ba6 19. Rac1 Reb8 20. h5 f5 21. exf6 Nxf6 22. Ne5 Bb7 23. c5 b5 24. Qe2 Re8 25. f4 Nd5 26. Rf1 b4 27. Rfe1 Ba6 28. Qg4 Rab8 29. a4 b3 30. Nd6 Bxd6 31. cxd6 Qxd6 32. Rxc6 Qb4 33. Rec1 Bb7 34. Bxd5 exd5 35. Rxh6 Rbc8 36. Rd1 Rc2 37. Rf6 Bc8 38. f5 Rxe5 39. Bc3 Qxc3 40. dxe5 Qe3+ 41. Kh1 Qf2 42. Rxf8+ Kxf8 0-1

[Event "VII Lorca Open 2018"]
[Site "Lorca"]
[Date "2018.12.28"]
[Round "4"]
[White "Ajay Karthikeyan"]
[Black "Franco Ocampos, Zenon"]
[Result "0-1"]
[ECO "D00"]
[WhiteElo "2143"]
[BlackElo "2477"]
[Annotator "ChessBase"]
[PlyCount "114"]
[EventDate "2018.12.26"]
[EventType "swiss"]
[EventCountry "ESP"]
[SourceTitle "playchess.com"]
[Source "ChessBase"]
[SourceQuality "1"]
[TimeControl "5400+30"]

1. d4 Nf6 2. Bf4 d5 3. e3 c5 4. c3 Nc6 5. Nd2 Qb6 6. Qb3 c4 7. Qc2 g6 8. e4 Nxe4 9. Nxe4 dxe4 10. Bxc4 Bg7 11. Be3 Na5 12. d5 Qc7 13. Bb5+ Kf8 14. Ne2 a6 15. Ba4 Nc4 16. O-O f5 17. Bb3 Bd7 18. Bxc4 Qxc4 19. Rfd1 Be5 20. b3 Qc7 21. g3 Kf7 22. Rac1 h6 23. c4 g5 24. c5 f4 25. Qxe4 fxe3 26. fxe3 Bf6 27. Rf1 Rae8 28. Nd4 Kg7 29. c6 bxc6 30. Rxc6 Qe5 31. Ne6+ Bxe6 32. Qxe5 Bxe5 33. dxe6 Bf6 34. Rxa6 Ra8 35. Rxa8 Rxa8 36. a4 Rb8 37. Rb1 Bc3 38. Kf2 Kf6 39. Ke2 Bb4 40. Kd3 Rc8 41. Ke4 Kxe6 42. g4 Rc3 43. Kd4 Kd6 44. a5 e5+ 45. Ke4 Ke6 46. a6 Bc5 47. Kf3 Rxe3+ 48. Kg2 Re2+ 49. Kf3 Ra2 50. b4 Bd4 51. b5 Kd5 52. Kg3 e4 53. Kh3 Be5 54. Rd1+ Kc5 55. Rc1+ Kxb5 56. Rb1+ Kc5 57. Rh1 Ra3+ 0-1

[Event "VII Lorca Open 2018"]
[Site "Lorca"]
[Date "2018.12.28"]
[Round "4"]
[White "Korneev Leskova, Svyatoslav"]
[Black "Domingo Nunez, Alejandro"]
[Result "1/2-1/2"]
[ECO "A36"]
[WhiteElo "2134"]
[BlackElo "2404"]
[Annotator "ChessBase"]
[PlyCount "112"]
[EventDate "2018.12.26"]
[EventType "swiss"]
[EventCountry "ESP"]
[SourceTitle "playchess.com"]
[Source "ChessBase"]
[SourceQuality "1"]
[TimeControl "5400+30"]

1. c4 c5 2. Nc3 Nc6 3. g3 g6 4. Bg2 Bg7 5. Nh3 e6 6. Nf4 Nge7 7. h4 h6 8. d3 d6 9. Qd2 a6 10. b3 Rb8 11. Bb2 O-O 12. h5 g5 13. Nh3 f5 14. f4 g4 15. Nf2 b5 16. e4 Nd4 17. Ne2 Nec6 18. exf5 exf5 19. Bxc6 Nxc6 20. Bxg7 Kxg7 21. Qc3+ Qf6 22. Qxf6+ Kxf6 23. Kd2 Re8 24. Nd1 Be6 25. Ne3 b4 26. Rac1 Rbc8 27. d4 Bf7 28. Rce1 cxd4 29. Nc2 Re4 30. Kd3 d5 31. c5 a5 32. Nexd4 Nd8 33. Ne3 Nb7 34. Nexf5 Nxc5+ 35. Kd2 Rxe1 36. Kxe1 Ne4 37. Rh4 Rc1+ 38. Ke2 Ra1 39. Nxh6 Nxg3+ 40. Ke3 Bxh5 41. Nxg4+ Bxg4 42. Rxg4 Ne4 43. Rg2 Nc3 44. Nc6 Re1+ 45. Kd3 Kf5 46. Nxa5 Kxf4 47. Nc6 Rd1+ 48. Kc2 d4 49. Nxb4 Kf3 50. Rh2 Ra1 51. Rh4 Ke3 52. Rh3+ Ke4 53. Rh8 Nxa2 54. Kb2 Nxb4 55. Kxa1 d3 56. Rh4+ Kd5 1/2-1/2

[Event "VII Lorca Open 2018"]
[Site "Lorca"]
[Date "2018.12.28"]
[Round "4"]
[White "Motos Abellan, Daniel"]
[Black "Gines Esteo, Pedro Antonio"]
[Result "0-1"]
[ECO "A02"]
[WhiteElo "2115"]
[BlackElo "2339"]
[Annotator "NA"]
[PlyCount "78"]
[EventDate "2018.12.26"]
[EventType "swiss"]
[EventCountry "ESP"]
[SourceTitle "playchess.com"]
[Source "ChessBase"]
[SourceQuality "1"]
[TimeControl "5400+30"]

1. f4 Nh6 2. b3 e5 3. fxe5 d6 4. Bb2 dxe5 5. Bxe5 Ng4 6. Bg3 Qf6 7. Nc3 Ne3 8. dxe3 Qxc3+ 9. Kf2 Bc5 10. Bf4 Nd7 11. Rb1 Ne5 12. Bxe5 Bxe3+ 13. Kf3 Qxe5 14. g3 Bd7 15. Kg2 O-O-O 16. Qe1 Bc6+ 17. Nf3 g5 18. h3 h5 19. Kh2 Bxf3 20. exf3 Rd2+ 21. Bg2 h4 22. Rf1 hxg3+ 23. Kh1 Rxh3+ 24. Bxh3+ Kb8 25. Qxd2 Bxd2 26. Rbd1 Qe2 27. Bg2 a6 28. c4 Qe3 29. c5 g4 30. f4 Qc3 31. Rxd2 Qxd2 (31... Qh8+ $142 32. Bh3 gxh3) 32. c6 bxc6 33. a4 a5 34. Rb1 Qxf4 35. Rd1 Kb7 36. Re1 f5 37. Rd1 Qh6+ 38. Kg1 f4 39. b4 f3 0-1

[Event "VII Lorca Open 2018"]
[Site "Lorca"]
[Date "2018.12.28"]
[Round "5"]
[White "Domingo Nunez, Alejandro"]
[Black "Terbe, Julianna"]
[Result "1-0"]
[ECO "B21"]
[WhiteElo "2404"]
[BlackElo "2272"]
[Annotator "NA"]
[PlyCount "83"]
[EventDate "2018.12.26"]
[EventType "swiss"]
[EventCountry "ESP"]
[SourceTitle "playchess.com"]
[Source "ChessBase"]
[SourceQuality "1"]
[TimeControl "5400+30"]

1. e4 c5 2. Nf3 Nc6 3. d4 cxd4 4. c3 dxc3 5. Nxc3 e6 6. Bc4 a6 7. O-O b5 8. Bb3 Bb7 9. a4 b4 10. Nd5 d6 11. a5 exd5 12. exd5 Ne5 13. Ba4+ Nd7 14. Nd4 Be7 15. Nf5 Kf8 16. Qg4 g6 17. Nxe7 Ne5 18. Qd4 Qxe7 19. f4 f6 20. fxe5 dxe5 21. Qb6 Bxd5 22. Be3 Qe6 23. Rad1 Kf7 24. Rxd5 Qxd5 25. Rd1 Qc4 26. Rd7+ Ne7 27. Rxe7+ Kxe7 28. Bc5+ Kf7 29. Qb7+ Kg8 30. Qxa8+ Kg7 31. Qb7+ Kh6 32. Be3+ g5 33. Qf3 Rf8 34. Bb3 Qc7 35. h4 Kg7 36. Qg4 h5 37. Qf5 gxh4 38. Qxh5 Rh8 39. Qg4+ Kf8 40. Qg6 Qe7 41. Bh6+ Rxh6 42. Qg8# 1-0

[Event "VII Lorca Open 2018"]
[Site "Lorca"]
[Date "2018.12.28"]
[Round "5"]
[White "Sabuk, Piotr"]
[Black "Bharath Subramaniyam H"]
[Result "1/2-1/2"]
[ECO "E14"]
[WhiteElo "2391"]
[BlackElo "2234"]
[Annotator "NA"]
[PlyCount "112"]
[EventDate "2018.12.26"]
[EventType "swiss"]
[EventCountry "ESP"]
[SourceTitle "playchess.com"]
[Source "ChessBase"]
[SourceQuality "1"]
[TimeControl "5400+30"]

1. d4 Nf6 2. c4 e6 3. Nf3 c5 4. e3 b6 5. Nc3 Bb7 6. d5 exd5 7. cxd5 d6 8. e4 a6 9. Bd3 b5 10. O-O Be7 11. Re1 O-O 12. a4 b4 13. Nb1 a5 14. Nbd2 Nbd7 15. Nc4 Nb6 16. e5 Nfxd5 17. Nxd6 Bc6 18. Qc2 h6 19. Qxc5 Qc7 20. b3 Nd7 21. Qd4 Bxd6 22. exd6 Qxd6 23. Bb2 N7f6 24. Ne5 Rad8 25. Rac1 Ba8 26. Qc5 Nf4 27. Qxd6 Rxd6 28. Bf1 Bd5 29. Nc4 Bxc4 30. Rxc4 Nd3 31. Rd1 Rfd8 32. Bxf6 gxf6 33. Rc2 Ne5 34. Rxd6 Rxd6 35. Be2 Rc6 36. Rxc6 Nxc6 37. f4 Kf8 38. Kf2 Ke7 39. Ke3 Kd6 40. Bc4 Nd8 41. Ke4 Ne6 42. Kf5 Ke7 43. Bxe6 fxe6+ 44. Kg6 e5 45. fxe5 fxe5 46. Kf5 Kd6 47. Ke4 h5 48. g3 Ke6 49. h3 Kf6 50. Ke3 Ke6 51. Kf3 Kf5 52. Ke3 Ke6 53. Ke4 Kf6 54. Kd3 Kf5 55. Ke3 Ke6 56. Ke4 Kf6 1/2-1/2

[Event "VII Lorca Open 2018"]
[Site "Lorca"]
[Date "2018.12.28"]
[Round "5"]
[White "Domingo Nunez, Ruben"]
[Black "Montanes Arribas, Adrian"]
[Result "1-0"]
[ECO "B90"]
[WhiteElo "2383"]
[BlackElo "2242"]
[Annotator "NA"]
[PlyCount "69"]
[EventDate "2018.12.26"]
[EventType "swiss"]
[EventCountry "ESP"]
[SourceTitle "playchess.com"]
[Source "ChessBase"]
[SourceQuality "1"]
[TimeControl "5400+30"]

1. Nf3 c5 2. e4 d6 3. d4 cxd4 4. Nxd4 Nf6 5. Nc3 a6 6. f3 e5 7. Nb3 Be6 8. Be3 h5 9. Qd2 Nbd7 10. O-O-O Rc8 11. Kb1 Be7 12. h4 b5 13. Bg5 Qc7 14. a3 O-O 15. g4 Nb6 16. gxh5 Nc4 17. Bxc4 bxc4 18. Nc1 Rb8 19. N1a2 Qb7 20. Qc1 Nxh5 21. Bxe7 Qxe7 22. Nb4 Rxb4 23. axb4 Nf4 24. Qd2 Rd8 25. Ne2 c3 26. Nxc3 Qb7 27. Na4 Qb5 28. b3 Bc4 29. Nc3 Qxb4 30. Nd5 Qxd2 31. Rxd2 Bxd5 32. exd5 f5 33. c4 e4 34. fxe4 fxe4 35. Re1 1-0

[Event "VII Lorca Open 2018"]
[Site "Lorca"]
[Date "2018.12.28"]
[Round "5"]
[White "Valmana Canto, Jaime"]
[Black "Korneev Leskova, Svyatoslav"]
[Result "1-0"]
[ECO "C18"]
[WhiteElo "2359"]
[BlackElo "2134"]
[Annotator "NA"]
[PlyCount "93"]
[EventDate "2018.12.26"]
[EventType "swiss"]
[EventCountry "ESP"]
[SourceTitle "playchess.com"]
[Source "ChessBase"]
[SourceQuality "1"]
[TimeControl "5400+30"]

1. e4 e6 2. d4 d5 3. Nc3 Bb4 4. e5 c5 5. a3 Bxc3+ 6. bxc3 Qa5 7. Bd2 Qa4 8. Qg4 g6 9. Qf4 c4 10. Nf3 h6 11. Be2 Nc6 12. O-O Bd7 13. h4 O-O-O 14. Qxf7 Nge7 15. Qf4 Rdf8 16. Qg3 Qxc2 17. Rfc1 Qf5 18. Bd1 Qf7 19. Bc2 g5 20. hxg5 hxg5 21. Nxg5 Qh5 22. f4 Qe2 23. Nf3 Rfg8 24. Re1 Rxg3 25. Rxe2 Na5 26. Kf2 Rg4 27. Rg1 Nb3 28. Be3 Rf8 29. g3 Nf5 30. Nh2 Rg7 31. g4 Rh8 32. Nf3 Nh6 33. Ng5 Na5 34. Kg3 Rhg8 35. Rh1 Nf7 36. Nxf7 Rxf7 37. Rh7 Rff8 38. Reh2 Nc6 39. R2h6 Kd8 40. Rf6 Ne7 41. Rxf8+ Rxf8 42. f5 Rg8 43. f6 Nf5+ 44. Bxf5 exf5 45. f7 Rxg4+ 46. Kf3 Ke7 47. Bh6 1-0

[Event "VII Lorca Open 2018"]
[Site "Lorca"]
[Date "2018.12.28"]
[Round "5"]
[White "Martin Duque, Jesus"]
[Black "Garrido Outon, Alex"]
[Result "1-0"]
[ECO "C24"]
[WhiteElo "2354"]
[BlackElo "2097"]
[Annotator "NA"]
[PlyCount "99"]
[EventDate "2018.12.26"]
[EventType "swiss"]
[EventCountry "ESP"]
[SourceTitle "playchess.com"]
[Source "ChessBase"]
[SourceQuality "1"]
[TimeControl "5400+30"]

1. e4 e5 2. Nf3 Nc6 3. Bc4 Bc5 4. d3 Nf6 5. O-O O-O 6. h3 d5 7. exd5 Nxd5 8. Re1 Nb6 9. Bb3 Bf5 10. Nc3 Qd7 11. Be3 Bd4 12. Bxd4 exd4 13. Ne2 Qd6 14. Qd2 Rae8 15. Qg5 Be6 16. Qh4 Bxb3 17. axb3 Rd8 18. Ng3 Qc5 19. Re2 Nd7 20. Qf4 Nf6 21. Qxc7 Nd5 22. Qxb7 Nf4 23. Rd2 Qd5 24. Re1 Nxh3+ 25. Kf1 Rd6 26. Ne4 Rg6 27. gxh3 Qh5 28. Neg5 h6 29. Re8 hxg5 30. Rxf8+ Kxf8 31. Qc8+ Ke7 32. Re2+ Kd6 33. Qf8+ Kc7 34. Qxf7+ Kb6 35. Kg1 Qh6 36. Nd2 g4 37. Nc4+ Ka6 38. Re1 gxh3+ 39. Kh1 Rg5 40. Ra1+ Na5 41. Nxa5 Rxa5 42. Rxa5+ Kxa5 43. Qxa7+ Kb5 44. Qa4+ Kb6 45. Qxd4+ Ka5 46. Qa7+ Kb4 47. Qa4+ Kc5 48. Qa5+ Kd4 49. Qa7+ Kd5 50. c4+ 1-0

[Event "VII Lorca Open 2018"]
[Site "Lorca"]
[Date "2018.12.28"]
[Round "5"]
[White "Martinez Fernandez, Adrian"]
[Black "Suarez Uriel, Adrian"]
[Result "1-0"]
[ECO "B39"]
[WhiteElo "2212"]
[BlackElo "2386"]
[Annotator "NA"]
[PlyCount "57"]
[EventDate "2018.12.26"]
[EventType "swiss"]
[EventCountry "ESP"]
[SourceTitle "playchess.com"]
[Source "ChessBase"]
[SourceQuality "1"]
[TimeControl "5400+30"]

1. e4 c5 2. Nf3 Nc6 3. d4 cxd4 4. Nxd4 g6 5. c4 Bg7 6. Be3 Nf6 7. Nc3 Ng4 8. Qxg4 Nxd4 9. Qd1 Ne6 10. Qd2 b6 11. Be2 Bb7 12. O-O O-O 13. f3 Rc8 14. Rac1 d6 15. b4 Re8 16. Rfd1 Qc7 17. Nd5 Qb8 18. Bf1 Bc6 19. Bg5 Nf8 20. g3 Qb7 21. Bh3 e6 22. Nf6+ Bxf6 23. Bxf6 Nd7 24. Ba1 Ba4 25. Qb2 f6 26. Rxd6 Ne5 27. Bxe6+ Kg7 28. Bxc8 Rxc8 29. Rxf6 1-0

[Event "VII Lorca Open 2018"]
[Site "Lorca"]
[Date "2018.12.28"]
[Round "5"]
[White "Sanchez Jerez, Emilio Miguel"]
[Black "Low, Zhen Yu Cyrus"]
[Result "0-1"]
[ECO "A00"]
[WhiteElo "2193"]
[BlackElo "2384"]
[Annotator "NA"]
[PlyCount "62"]
[EventDate "2018.12.26"]
[EventType "swiss"]
[EventCountry "ESP"]
[SourceTitle "playchess.com"]
[Source "ChessBase"]
[SourceQuality "1"]
[TimeControl "5400+30"]

1. Nc3 d5 2. e4 dxe4 3. Nxe4 Nf6 4. Nxf6+ exf6 5. d4 Bd6 6. Bd3 O-O 7. Qf3 Re8+ 8. Ne2 Nd7 9. Bf4 Nf8 10. O-O-O c6 11. Kb1 Be6 12. c4 Qc7 13. Bg3 a6 14. Nc3 Rad8 15. c5 Bxg3 16. hxg3 b6 17. Bxh7+ Nxh7 18. Qh5 bxc5 19. Qxh7+ Kf8 20. dxc5 Qe5 21. Qh8+ Ke7 22. Qxg7 Rb8 23. Rc1 Rb4 24. Ka1 Qxc5 25. Rhe1 Qxf2 26. Re2 Qf5 27. Rce1 Kd6 28. Ne4+ Kc7 29. Qxf6 Rxe4 30. Qc3 Rxe2 31. Rxe2 Qd5 0-1

[Event "VII Lorca Open 2018"]
[Site "Lorca"]
[Date "2018.12.28"]
[Round "5"]
[White "Ajay Karthikeyan"]
[Black "Serarols Mabras, Bernat"]
[Result "1-0"]
[ECO "D00"]
[WhiteElo "2143"]
[BlackElo "2371"]
[Annotator "NA"]
[PlyCount "101"]
[EventDate "2018.12.26"]
[EventType "swiss"]
[EventCountry "ESP"]
[SourceTitle "playchess.com"]
[Source "ChessBase"]
[SourceQuality "1"]
[TimeControl "5400+30"]

1. d4 d5 2. Bf4 c5 3. e3 Nc6 4. c3 Nf6 5. Nd2 Bf5 6. Qb3 Qd7 7. Ngf3 c4 8. Qd1 e6 9. Be2 Be7 10. O-O b5 11. Ne5 Nxe5 12. Bxe5 O-O 13. Bf3 b4 14. Re1 bxc3 15. bxc3 Qc6 16. Bxf6 Bxf6 17. e4 Bg6 18. exd5 exd5 19. Nf1 Rfd8 20. Ne3 Rab8 21. g3 h6 22. h4 Rb2 23. Qc1 Rb7 24. Qa3 Be4 25. Bxe4 dxe4 26. Rab1 Rdb8 27. Rxb7 Rxb7 28. Qa5 a6 29. Qd5 Qxd5 30. Nxd5 Rb5 31. Nxf6+ gxf6 32. Rxe4 Rb1+ 33. Kg2 Rc1 34. Re3 Rc2 35. Kf3 Kf8 36. Ke4 Rxf2 37. Kd5 Rxa2 38. Kxc4 a5 39. Kc5 a4 40. c4 Rb2 41. Ra3 Rb3 42. Rxa4 Rxg3 43. d5 f5 44. Kd6 Rg4 45. Ra8+ Kg7 46. c5 f4 47. c6 f3 48. c7 f2 49. c8=Q f1=Q 50. Qxg4+ Kf6 51. Qd4+ 1-0

[Event "VII Lorca Open 2018"]
[Site "Lorca"]
[Date "2018.12.28"]
[Round "5"]
[White "Redondo Benavente, Ana"]
[Black "Luch, Michal"]
[Result "0-1"]
[ECO "B51"]
[WhiteElo "2140"]
[BlackElo "2360"]
[Annotator "NA"]
[PlyCount "112"]
[EventDate "2018.12.26"]
[EventType "swiss"]
[EventCountry "ESP"]
[SourceTitle "playchess.com"]
[Source "ChessBase"]
[SourceQuality "1"]
[TimeControl "5400+30"]

1. e4 c5 2. Nf3 d6 3. Bb5+ Nd7 4. O-O a6 5. Bd3 b5 6. c3 Bb7 7. a4 Qb6 8. axb5 axb5 9. Rxa8+ Bxa8 10. Qe2 c4 11. Bc2 Nc5 12. d4 cxd3 13. Bxd3 Nxd3 14. Qxd3 Nf6 15. Be3 Qb8 16. Nbd2 e5 17. Ra1 Be7 18. Ra6 O-O 19. Rb6 Qa7 20. h3 Qa1+ 21. Kh2 Qxb2 22. Rxb5 Qa3 23. Qc2 Bc6 24. Rb4 Qa8 25. Rc4 h6 26. Ne1 Rd8 27. Bb6 Rb8 28. Be3 Rd8 29. Bb6 Rd7 30. Be3 Qa6 31. Rb4 Rd8 32. Rb6 Qa8 33. f3 d5 34. Nd3 dxe4 35. Nxe5 Bd6 36. Ndc4 Bc7 37. Rb2 exf3 38. g3 Be4 39. Qb3 Bd5 40. Qb4 Bxc4 41. Nxc4 Qe4 42. Bf2 Rb8 43. Qc5 Rxb2 44. Nxb2 Qe2 45. Nd3 Bxg3+ 46. Kg1 Qd1+ 47. Ne1 Bxf2+ 48. Qxf2 Ne4 49. Qxf3 Qxe1+ 50. Kg2 Qd2+ 51. Kg1 Nxc3 52. Qa8+ Kh7 53. Qf3 Qe1+ 54. Kg2 Qe4 55. h4 Qxf3+ 56. Kxf3 Nd5 0-1

[Event "VII Lorca Open 2018"]
[Site "Lorca"]
[Date "2018.12.28"]
[Round "5"]
[White "Guerrero Mendez, Jesus"]
[Black "Ramiro Ovejero, Juan Luis"]
[Result "0-1"]
[ECO "B07"]
[WhiteElo "1905"]
[BlackElo "2358"]
[Annotator "NA"]
[PlyCount "64"]
[EventDate "2018.12.26"]
[EventType "swiss"]
[EventCountry "ESP"]
[SourceTitle "playchess.com"]
[Source "ChessBase"]
[SourceQuality "1"]
[TimeControl "5400+30"]

1. e4 d6 2. d4 Nf6 3. Nc3 c6 4. a4 Qa5 5. Bd2 Qc7 6. h3 e5 7. Be3 d5 8. exd5 Bb4 9. Nf3 e4 10. Ne5 cxd5 11. Bb5+ Nbd7 12. Bd2 O-O 13. Nxd7 Bxd7 14. Bxd7 Qxd7 15. Ne2 Bxd2+ 16. Qxd2 Ne8 17. b3 Nd6 18. Nf4 Nf5 19. g4 Nh4 20. O-O-O a5 21. Qe2 Qd6 22. Nh5 Qa3+ 23. Kb1 Rfc8 24. Qb5 Rxc2 25. Kxc2 Qa2+ 26. Kc3 Rc8+ 27. Qc5 Rxc5+ 28. dxc5 Qxf2 29. Rxd5 h6 30. Rhd1 g6 31. Rd8+ Kh7 32. Rf8 Qxc5+ 0-1

[Event "VII Lorca Open 2018"]
[Site "Lorca"]
[Date "2018.12.28"]
[Round "5"]
[White "Arjun C Krishnamachari"]
[Black "Pogorelov, Ruslan"]
[Result "0-1"]
[ECO "C00"]
[WhiteElo "1895"]
[BlackElo "2354"]
[Annotator "NA"]
[PlyCount "86"]
[EventDate "2018.12.26"]
[EventType "swiss"]
[EventCountry "ESP"]
[SourceTitle "playchess.com"]
[Source "ChessBase"]
[SourceQuality "1"]
[TimeControl "5400+30"]

1. e4 c5 2. Nf3 e6 3. b4 cxb4 4. a3 Nc6 5. axb4 Bxb4 6. c3 Be7 7. d4 d5 8. e5 Nh6 9. Bd3 Nf5 10. h4 h5 11. g3 g6 12. Kf1 a6 13. Na3 Rb8 14. Nc2 b5 15. Bg5 Bxg5 16. hxg5 Kd7 17. Qd2 Bb7 18. Bxf5 gxf5 19. Nce1 Na5 20. Qa2 Nc4 21. Nd3 a5 22. Nf4 b4 23. cxb4 axb4 24. Nxh5 Ra8 25. Qb1 Qb6 26. Rxa8 Rxa8 27. Nf6+ Kc6 28. Kg2 b3 29. Qd3 b2 30. Nd2 Qb4 31. Nb1 Ra1 32. Qc3 Qxc3 33. Nxc3 Rxh1 34. Kxh1 Na3 35. Ne8 Ba6 36. Nd6 Bd3 37. Kh2 Nb5 38. Ndxb5 Bxb5 39. Kh3 Kb6 40. g4 fxg4+ 41. Kxg4 Ka5 42. Nb1 Bd3 43. Nd2 Kb4 0-1

[Event "VII Lorca Open 2018"]
[Site "Lorca"]
[Date "2018.12.29"]
[Round "6"]
[White "Svetushkin, Dmitry"]
[Black "Bjerre, Jonas Buhl"]
[Result "1/2-1/2"]
[ECO "B52"]
[WhiteElo "2592"]
[BlackElo "2421"]
[Annotator "ChessBase"]
[PlyCount "103"]
[EventDate "2018.12.26"]
[EventType "swiss"]
[EventCountry "ESP"]
[SourceTitle "playchess.com"]
[Source "ChessBase"]
[SourceQuality "1"]
[TimeControl "5400+30"]

1. e4 c5 2. Nf3 d6 3. Bb5+ Bd7 4. Bxd7+ Nxd7 5. O-O Ngf6 6. Qe2 e6 7. d3 Be7 8. Ng5 h6 9. Nh3 O-O 10. f4 Nb8 11. Kh1 Nc6 12. g4 d5 13. e5 Nd7 14. Nd2 f6 15. exf6 Rxf6 16. Nf3 Nf8 17. Bd2 Rf7 18. g5 hxg5 19. fxg5 Ng6 20. Qxe6 Qd6 21. Qg4 Raf8 22. Qg2 Bd8 23. Be1 Qd7 24. Bg3 Qg4 25. Bd6 Qxg2+ 26. Kxg2 Be7 27. Bg3 Nb4 28. Rac1 Nxa2 29. Rce1 Nb4 30. Re6 Nxc2 31. Rf2 Rxf3 32. Rxc2 Kf7 33. Rce2 Rxd3 34. Nf4 Nxf4+ 35. Bxf4 Kg8 36. Bd2 Bd8 37. Rd6 d4 38. Rd7 Rb3 39. Bc1 d3 40. Re5 c4 41. h4 d2 42. Bxd2 Rxb2 43. Kh3 Rb3+ 44. Kg4 c3 45. Bc1 c2 46. Rc5 g6 47. Rxc2 Bb6 48. Bb2 Rb4+ 49. Kh3 Rb3+ 50. Kg4 Rb4+ 51. Kh3 Rb3+ 52. Kg4 1/2-1/2

[Event "VII Lorca Open 2018"]
[Site "Lorca"]
[Date "2018.12.29"]
[Round "6"]
[White "Ibarra Jerez, Jose Carlos"]
[Black "Merario Alarcon, Andres"]
[Result "1/2-1/2"]
[ECO "A14"]
[WhiteElo "2558"]
[BlackElo "2404"]
[Annotator "ChessBase"]
[PlyCount "111"]
[EventDate "2018.12.26"]
[EventType "swiss"]
[EventCountry "ESP"]
[SourceTitle "playchess.com"]
[Source "ChessBase"]
[SourceQuality "1"]
[TimeControl "5400+30"]

1. Nf3 d5 2. b3 Nf6 3. Bb2 e6 4. g3 Be7 5. Bg2 O-O 6. O-O b6 7. c4 Bb7 8. e3 dxc4 9. bxc4 c5 10. d3 Qc7 11. Nc3 a6 12. Qe2 Nc6 13. Rfd1 Rfd8 14. Rab1 Rab8 15. Ba1 Na5 16. Ne1 Bxg2 17. Nxg2 Qc6 18. a4 Ne8 19. Nf4 Nf6 20. f3 Rb7 21. Ne4 Nxe4 22. fxe4 Bf8 23. Rf1 Kh8 24. Qg4 Qd7 25. Rf2 Nc6 26. Rbf1 Re8 27. Qh5 Kg8 28. Qg4 e5 29. Qxd7 Rxd7 30. Nd5 Rb7 31. Bc3 Reb8 32. Rb2 b5 33. Rfb1 b4 34. Be1 a5 35. g4 Re8 36. Bg3 Na7 37. Rf1 Nc8 38. Rbf2 Bd6 39. Rf5 Re6 40. Kg2 Re8 41. h4 h6 42. R5f2 Na7 43. Kf3 Nc6 44. Ke2 Bf8 45. Kd2 Re6 46. Rf5 Bd6 47. Bh2 Bf8 48. Kc2 Bd6 49. R1f2 Bf8 50. g5 h5 51. g6 Rxg6 52. Bxe5 f6 53. Bb2 b3+ 54. Kd2 Bd6 55. Kc1 Be5 56. Kb1 1/2-1/2

[Event "VII Lorca Open 2018"]
[Site "Lorca"]
[Date "2018.12.29"]
[Round "6"]
[White "Nasuta, Grzegorz"]
[Black "Valmana Canto, Jaime"]
[Result "0-1"]
[ECO "C12"]
[WhiteElo "2530"]
[BlackElo "2359"]
[Annotator "ChessBase"]
[PlyCount "114"]
[EventDate "2018.12.26"]
[EventType "swiss"]
[EventCountry "ESP"]
[SourceTitle "playchess.com"]
[Source "ChessBase"]
[SourceQuality "1"]
[TimeControl "5400+30"]

1. e4 e6 2. d4 d5 3. Nc3 Nf6 4. Bg5 Bb4 5. e5 h6 6. Bc1 Ne4 7. Qg4 g6 8. a3 Bxc3+ 9. bxc3 Nxc3 10. Bd3 b6 11. a4 Qd7 12. Qh4 Ba6 13. Nf3 c5 14. Ra3 Ne4 15. O-O Qe7 16. Qh3 c4 17. Bxe4 dxe4 18. Ng5 Bb7 19. Rg3 Na6 20. Ba3 Qd7 21. Qh4 O-O-O 22. Nxe4 Qxd4 23. Re3 Kb8 24. Bd6+ Rxd6 25. exd6 g5 26. Qh5 Bxe4 27. Qxf7 Bd5 28. c3 Qc5 29. Qf6 Qc8 30. Rh3 Nc5 31. Rxh6 Rxh6 32. Qxh6 Ne4 33. Qg7 Qd8 34. d7 Kc7 35. f4 Qxd7 36. Qxd7+ Kxd7 37. fxg5 Nxg5 38. h4 Ne4 39. h5 Nxc3 40. h6 Be4 41. Rf7+ Kd6 42. Kf2 Nxa4 43. Rxa7 Nc5 44. h7 Bxh7 45. Rxh7 c3 46. Ke3 b5 47. Rh4 e5 48. Ke2 Kd5 49. Kd1 e4 50. g4 b4 51. Rh3 Kd4 52. g5 b3 53. g6 c2+ 54. Kd2 Nd3 55. Rh1 e3+ 56. Ke2 Nf4+ 57. Kf3 Nxg6 0-1

[Event "VII Lorca Open 2018"]
[Site "Lorca"]
[Date "2018.12.29"]
[Round "6"]
[White "Pap, Misa"]
[Black "Grigoryan, Karen H."]
[Result "1/2-1/2"]
[ECO "C54"]
[WhiteElo "2480"]
[BlackElo "2557"]
[Annotator "ChessBase"]
[PlyCount "27"]
[EventDate "2018.12.26"]
[EventType "swiss"]
[EventCountry "ESP"]
[SourceTitle "playchess.com"]
[Source "ChessBase"]
[SourceQuality "1"]
[TimeControl "5400+30"]

1. e4 Nc6 2. d4 e5 3. Nf3 exd4 4. Bc4 Bc5 5. c3 Nf6 6. cxd4 Bb4+ 7. Bd2 Bxd2+ 8. Nbxd2 d5 9. exd5 Nxd5 10. Qb3 Na5 11. Qa4+ Nc6 12. Qb3 Na5 13. Qa4+ Nc6 14. Qb3 1/2-1/2

[Event "VII Lorca Open 2018"]
[Site "Lorca"]
[Date "2018.12.29"]
[Round "6"]
[White "Franco Ocampos, Zenon"]
[Black "Martin Duque, Jesus"]
[Result "1/2-1/2"]
[ECO "E49"]
[WhiteElo "2477"]
[BlackElo "2354"]
[Annotator "ChessBase"]
[PlyCount "88"]
[EventDate "2018.12.26"]
[EventType "swiss"]
[EventCountry "ESP"]
[SourceTitle "playchess.com"]
[Source "ChessBase"]
[SourceQuality "1"]
[TimeControl "5400+30"]

1. d4 Nf6 2. c4 e6 3. Nc3 Bb4 4. e3 O-O 5. Bd3 c5 6. a3 Bxc3+ 7. bxc3 d5 8. cxd5 exd5 9. Ne2 b6 10. O-O Ba6 11. f3 Re8 12. Ng3 Bxd3 13. Qxd3 Nc6 14. Ra2 Qd7 15. Re2 Rac8 16. Bb2 Red8 17. Rd1 cxd4 18. cxd4 Ne7 19. e4 Ng6 20. Qd2 h5 21. e5 h4 22. Nf1 Nh5 23. g3 f6 24. Qd3 Nf8 25. f4 f5 26. Qf3 g6 27. Ne3 Qf7 28. Rg2 hxg3 29. hxg3 Ne6 30. Rf1 Kf8 31. g4 Nhxf4 32. gxf5 gxf5 33. Qg3 Nxg2 34. Rxf5 Nxe3 35. Rxf7+ Kxf7 36. Qxe3 Ke7 37. a4 Rg8+ 38. Kf1 Rcf8+ 39. Ke1 Rf4 40. Qa3+ Kf7 41. Qd6 Rg1+ 42. Ke2 Rg2+ 43. Ke1 Rg1+ 44. Ke2 Rg2+ 1/2-1/2